 Dungeon Crawl Stone Soup version 0.28-a0-664-gc179e30c89 (webtiles) character file.

Game seed: 10557699925403987098

14 DungeonMaster the Twirler (level 2, 0/23 HPs)
             Began as a Demonspawn Wanderer on Oct 15, 2021.
             Slain by a jackal (3 damage)
             ... on level 1 of the Dungeon.
             The game lasted 00:00:48 (397 turns).

DungeonMaster the Twirler (Demonspawn Wanderer)      Turns: 397, Time: 00:00:49

Health: 0/23       AC:  2    Str: 11    XL:     2   Next: 27%
Magic:  2/2        EV: 12    Int: 13    God:
Gold:   16         SH:  0    Dex: 13    Spells: 1/1 levels left

rFire   . . .      SeeInvis .   a - +2 quarterstaff
rCold   . . .      Faith    .   (shield currently unavailable)
rNeg    . . .      Spirit   .   c - +0 robe
rPois   .          Reflect  .   (helmet restricted)
rElec   .          Harm     .   (no cloak)
rCorr   .          Rampage  .   (no gloves)
Will    .....                   (no boots)
Stlth   ++........              (no amulet)
HPRegen 0.07/turn               (no ring)
MPRegen 0.08/turn               (no ring)

@: no status effects
A: horns 1
a: no special abilities


You were on level 1 of the Dungeon.
You visited 1 branch of the dungeon, and saw 1 of its levels.

You collected 16 gold pieces.

Inventory:

Hand Weapons
 a - a +2 quarterstaff (weapon)
 g - a +0 hunting sling
Missiles
 d - 4 boomerangs (quivered)
 f - 3 stones
Armour
 c - a +0 robe (worn)
Magical Staves
 e - a staff of poison
Scrolls
 b - 2 scrolls of teleportation


   Skills:
 * Level 2.5 Fighting
 - Level 1.7(2.5) Polearms
 - Level 2.6(3.0) Staves
 * Level 1.6 Dodging
 - Level 1.0 Stealth
 - Level 1.0 Shields


You had one spell level left.
You didn't know any spells.
Your spell library was empty.

Dungeon Overview and Level Annotations

Branches:
Dungeon (1/15)

Altars:


Innate Abilities, Weirdness & Mutations

You have a pair of small horns on your head.


Message History

You completely miss the jackal. The jackal closely misses you.
The jackal bites you.
You hit the jackal.
The jackal is severely wounded.
The jackal bites you.
You barely miss the jackal.
The jackal is severely wounded.
The jackal closely misses you. The jackal completely misses you.
You hit the jackal.
You kill the jackal!
You closely miss the frilled lizard. The frilled lizard bites you.
You miss the frilled lizard.
Your headbutt misses the frilled lizard.
The frilled lizard closely misses you.
The frilled lizard bites you but does no damage.
You hit the frilled lizard.
You kill the frilled lizard!
The jackal barely misses you.
You completely miss the jackal. The jackal bites you.
* * * LOW HITPOINT WARNING * * *
You barely miss the jackal. The jackal misses you. The jackal bites you.
* * * LOW HITPOINT WARNING * * *
You barely miss the jackal. The jackal bites you.
* * * LOW HITPOINT WARNING * * *
You sock the jackal!
You kill the jackal!
The jackal bites you.
* * * LOW HITPOINT WARNING * * *
You closely miss the jackal. You headbutt the jackal.
The jackal is lightly wounded.
The jackal closely misses you.
You closely miss the jackal. Your headbutt misses the jackal.
The jackal is lightly wounded.
The jackal closely misses you.
The jackal bites you but does no damage.
You closely miss the jackal.
The jackal is lightly wounded.
The jackal bites you but does no damage.
The jackal bites you.
You die...

...####### #....###..
.........# #.#......
..######.#######....###.
..######......#.†.#..h..
............†.......#
..###########.##r#.##
..# #.##g#... .##
#.##h###.# . #.##@# .# .
#.##)# # . #.##.# .
.....# ... #:## #. #.


You could see a quokka, a jackal and a goblin.

Vanquished Creatures
  An endoplasm (D:1)
  A goblin (D:1)
  3 jackals (D:1)
  A quokka (D:1)
  3 bats (D:1)
  A frilled lizard (D:1)
  3 kobolds (D:1)
  A rat (D:1)
14 creatures vanquished.

Notes
Turn   | Place    | Note
-------+----------+-------------------------------------------
     0 | D:1      | DungeonMaster the Demonspawn Wanderer began the quest for
                  | the Orb.
     0 | D:1      | DungeonMaster set off with the following items: a +2
                  | quarterstaff, 2 scrolls of teleportation, a +0 robe
     0 | D:1      | Reached XP level 1. HP: 16/16 MP: 1/1
   375 | D:1      | Gained mutation: You have a pair of small horns on your
                  | head. [demonic ancestry]
   375 | D:1      | Reached XP level 2. HP: 21/23 MP: 2/2
   397 | D:1      | Slain by a jackal

Illustrated notes

Levels and vault maps discovered:
D:1:      roderic_chinese_lattice_arrival, layout_loops_ring

Action                   || total
-------------------------++-------
Melee: Quarterstaff      ||    41
       Headbutt          ||     1
 Stab: Sleeping          ||     1
Armor: Robe              ||    16
Dodge: Dodged            ||    31

Table legend: (Time is in decaauts)
 A = Elapsed time spent in this place.
 B = Non-inter-level travel time spent in this place.
 C = Inter-level travel time spent in this place.
 D = Time resting spent in this place.
 E = Time spent auto-exploring this place.
 F = Levels seen in this place.
 G = Mean time per level.
                   A        B        C        D        E       F      G
               +--------+--------+--------+--------+--------+-----+--------+
         Total |    402 |    402 |      0 |      0 |    296 |   1 |  402.0 |
       Dungeon |    402 |    402 |      0 |      0 |    296 |   1 |  402.0 |
               +--------+--------+--------+--------+--------+-----+--------+

Top non-repeatable levels by time:
     D:1: 402 daAuts
